 Dungeon Crawl Stone Soup version 0.27-a0-1119-gbf574a6a6b (webtiles) character file.

Game seed: 16963002184516968215

222 Zeld the Skirmisher (level 5, -2/38 HPs)
             Began as an Octopode Fighter on May 2, 2021.
             Splashed by a jelly's acid (7 damage)
             ... on level 4 of the Dungeon.
             The game lasted 00:00:53 (699 turns).

Zeld the Skirmisher (Octopode Fighter)               Turns: 699, Time: 00:00:53

Health: -2/38      AC: -15   Str: 16    XL:     5   Next: 99%
Magic:  5/5        EV: 11    Int: 10    God:
Gold:   0          SH:  9    Dex: 12    Spells: 4/4 levels left

rFire    . . .     SeeInvis .   a - +0 war axe
rCold    . . .     Faith    .   b - +0 kite shield
rNeg     . . .     Spirit   .   (helmet restricted)
rPois    .         Reflect  .   (no amulet)
rElec    .         Harm     .   (no ring)
rCorr    .         Rampage  .   (no ring)
Will     .....                  (no ring)
Stlth    ++........             (no ring)
HPRegen  0.12/turn              (no ring)
MPRegen  0.09/turn              (no ring)
                                (no ring)
                                (no ring)

@: corroded
A: almost no armour, amphibious, 8 rings, camouflage 1, gelatinous body 1,
(nimble swimmer 1), tentacles
a: no special abilities


You were on level 4 of the Dungeon.
You visited 1 branch of the dungeon, and saw 3 of its levels.

Inventory:

Hand Weapons
 a - a +0 war axe (weapon)
Missiles
 c - 7 javelins (quivered)
Armour
 b - a +0 kite shield (worn)
Jewellery
 i - a ring of see invisible
Scrolls
 d - a scroll of teleportation {unknown}
 f - a scroll of identify {unknown}
Potions
 e - a potion of curing {unknown}
 g - 2 potions of flight {unknown}
 h - a potion of mutation {unknown}


   Skills:
 * Level 4.4 Fighting
 * Level 3.7 Axes
 - Level 3.0 Dodging
 * Level 4.4 Shields


You had 4 spell levels left.
You didn't know any spells.
Your spell library was empty.

Dungeon Overview and Level Annotations

Branches:
Dungeon (2/15)

Altars:

Shops:
D:4 *


Innate Abilities, Weirdness & Mutations

You cannot wear most types of armour.
You are amphibious.
You can wear up to eight rings at the same time.
Your skin changes colour to match your surroundings (Stealth+).
Your rubbery body absorbs attacks. (AC +1, EV +1)
((You are camouflaged near water. (Stealth+)))
You have tentacles for arms and can constrict up to eight enemies at once.


Message History

You block the bullfrog's attack. The bullfrog hits you.
You hit the bullfrog.
The bullfrog is lightly wounded.
You constrict the bullfrog. The bullfrog hits you.
You block the bullfrog's attack.
You slash the bullfrog!
The bullfrog is almost dead.
You constrict the bullfrog.
You kill the bullfrog!
The jelly closely misses you.
You barely miss the jelly. The jelly hits you.
You are splashed with acid!
You barely miss the jelly. You block the jelly's attack.
The jelly barely misses you.
You hit the jelly.
Your tentacles burn!
You squeeze the jelly.
The jelly is moderately wounded.
The jelly barely misses you. You block the jelly's attack.
You barely miss the jelly.
The jelly is moderately wounded.
The jelly hits you but does no damage.
You hit the jelly. The acid corrodes you!
Your tentacles burn!
The jelly is heavily wounded.
The jelly hits you. The acid corrodes you!
You are splashed with acid.
* * * LOW HITPOINT WARNING * * *
The jelly barely misses you.
You completely miss the jelly. You squeeze the jelly.
The jelly is heavily wounded.
The jelly closely misses you.
Unknown command.
You hit the jelly. The acid corrodes you!
Your tentacles burn!
* * * LOW HITPOINT WARNING * * *
The jelly is almost dead.
You block the jelly's attack. The jelly barely misses you.
Unknown command.
You hit the jelly but do no damage. The acid corrodes you!
Your tentacles burn!
* * * LOW HITPOINT WARNING * * *
The jelly is almost dead.
The jelly hits you.
* * * LOW HITPOINT WARNING * * *
You are splashed with acid!
You die...

#.#.......
#.#...B...
#.#J......
#.........
#.........
#..##.#### #.....#
#########....##
#....@J....#.8.<.∩
##########.#######
#.#######
#........
#.####### #.# #.#
#.. ###


You could see a jelly.

Vanquished Creatures
  Sigmund (D:2)
  A bullfrog (D:4)
  An endoplasm (D:4)
  A hobgoblin (D:1)
  A kobold (D:1)
  A quokka (D:1)
  2 ball pythons (D:1)
8 creatures vanquished.

Notes
Turn   | Place    | Note
-------+----------+-------------------------------------------
     0 | D:1      | Zeld the Octopode Fighter began the quest for the Orb.
     0 | D:1      | Reached XP level 1. HP: 16/16 MP: 1/1
   150 | D:1      | Found a faded altar of an unknown god.
   431 | D:2      | Noticed Sigmund
   446 | D:2      | Killed Sigmund
   447 | D:2      | Reached XP level 2. HP: 7/22 MP: 2/2
   447 | D:2      | Reached XP level 3. HP: 9/27 MP: 3/3
   447 | D:2      | Reached XP level 4. HP: 11/33 MP: 4/4
   447 | D:2      | Reached XP level 5. HP: 13/37 MP: 5/5
   668 | D:2      | You fall into a shaft and drop 2 floors!
   675 | D:4      | Found Fopeqa's Assorted Antiques.
   699 | D:4      | Splashed by a jelly's acid

Illustrated notes

Levels and vault maps discovered:
D:1:      ncdulo_smallfort, layout_basic, shapermc_ecumenical_altar_gd,
          chequers_serial_rivers_large_a
D:2:      layout_rooms, uniq_sigmund
D:4:      layout_loops_ring, nicolae_overflow_crystal_walls,
          cheibrodos_sewer_entry_bend, serial_shops, kennysheep_mini,
          shop_statue, nicolae_shop_waterfront, nicolae_shop_stone, uniq_robin,
          uniq_crazy_yiuf_cottage

Skill      XL: |  1 |
---------------+----+-----
Fighting       | 4 |  4.4
Axes           | 3 |  3.7
Shields        | 4 |  4.4
Dodging        | |  3.0

Action                   |  1- 3 |  4- 6 || total
-------------------------+-------+-------++-------
Melee: War axe           |    16 |    13 ||    29
       Constrict         |     5 |     1 ||     6
       Tentacles         |     2 |     3 ||     5
  Use: Potion            |     1 |       ||     1
 Stab: Sleeping          |     1 |       ||     1
Armor: Skin              |       |     1 ||     1
Dodge: Dodged            |    14 |     7 ||    21
Block: Kite shield       |     8 |     6 ||    14

Table legend: (Time is in decaauts)
 A = Elapsed time spent in this place.
 B = Non-inter-level travel time spent in this place.
 C = Inter-level travel time spent in this place.
 D = Time resting spent in this place.
 E = Time spent auto-exploring this place.
 F = Levels seen in this place.
 G = Mean time per level.
                   A        B        C        D        E       F      G
               +--------+--------+--------+--------+--------+-----+--------+
         Total |    715 |    708 |      7 |      6 |    593 |   3 |  238.3 |
       Dungeon |    715 |    708 |      7 |      6 |    593 |   3 |  238.3 |
               +--------+--------+--------+--------+--------+-----+--------+

Top non-repeatable levels by time:
     D:1: 397 daAuts
     D:2: 280 daAuts
     D:4: 37 daAuts
